 Dungeon Crawl Stone Soup version 0.30-a0-793-g160f7cfddd (webtiles) character file.

Game seed: 6332243107332594050

522 NotreDorf the Slasher (level 7, -5/53 HPs)
             Began as a Merfolk Reaver on Feb 19, 2023.
             Was a Follower of Okawaru.
             Killed by divine providence
             ... invoked by an orc priest
              (15 damage)
             ... on level 5 of the Dungeon.
             The game lasted 00:17:31 (4080 turns).

NotreDorf the Slasher (Merfolk Reaver)              Turns: 4080, Time: 00:17:32

Health: -5/53      AC: 12    Str: 12    XL:     7   Next: 22%
Magic:  5/11       EV: 12    Int: 12    God:    Okawaru [*.....]
Gold:   176        SH:  0    Dex: 15    Spells: 4/12 levels left

rFire   . . .      SeeInvis .    a - +0 falchion
rCold   . . .      Faith    .    (no shield)
rNeg    . . .      Spirit   .    n - +3 ring mail
rPois   .          Reflect  .    j - +0 helmet
rElec   .          Harm     .    (no cloak)
rCorr   .          Rampage  .    h - +1 pair of gloves
Will    .....                    q - +0 pair of boots
Stlth   +                        (no amulet)
HPRegen 0.28/turn                (no ring)
MPRegen 0.12/turn                (no ring)

@: very slightly contaminated
A: (nimble swimmer 2), mertail
a: Renounce Religion, Heroism


You were on level 5 of the Dungeon.
You worshipped Okawaru.
Okawaru was aware of your devotion.
You visited 1 branch of the dungeon, and saw 5 of its levels.

You collected 176 gold pieces.

Inventory:

Hand Weapons
 a - a +0 falchion (weapon)
 g - a +1 sling of flaming
Missiles
 u - 2 throwing nets
Armour
 h - a +1 pair of gloves (worn)
 j - a +0 helmet (worn)
 n - a +3 ring mail (worn)
 p - the +1 robe "Fuclehemp" {*Slow Fly Int+3}
   (You found it on level 3 of the Dungeon)

   Int:       It affects your intelligence (+3).
   Fly:       It grants you flight.
   *Slow:     It may slow you when you take damage.
 q - a +0 pair of boots (worn)
Wands
 c - a wand of paralysis (7)
Scrolls
 d - 3 scrolls of teleportation
 k - a scroll of amnesia
Potions
 e - a potion of curing
 i - a potion of ambrosia
 l - a potion of brilliance
 t - 2 potions of berserk rage


   Skills:
 + Level 3.8 Fighting
 + Level 5.1 Long Blades
 + Level 4.8 Dodging
 + Level 3.3 Spellcasting
 + Level 3.2 Conjurations
 + Level 2.7 Ice Magic
 + Level 1.6 Poison Magic


You had 4 spell levels left.
You knew the following spells:

 Your Spells              Type           Power      Damage    Failure   Level
a - Mephitic Cloud        Conj/Pois/Air  5%         N/A       63%         3
b - Momentum Strike       Conj/Tloc      10%        3d8       38%         2
c - Hailstorm             Conj/Ice       9%         3d4       43%         3

Your spell library contained the following spells:

 Spells                   Type           Power      Damage    Failure   Level
 Kiss of Death            Conj/Necr      20%        2d7       28%         1
 Poisonous Vapours        Pois/Air       6%         N/A       52%         2
 Cigotuvi's Dreadful Rot  Necr/Pois/Air  6%         N/A       54%         2


Dungeon Overview and Level Annotations

Branches:
Dungeon (5/15)             Temple (0/1) D:4

Altars:
Elyvilon
Hepliaklqana
Makhleb
Okawaru
Trog
Wu Jian

Shops:
D:2 =


Innate Abilities, Weirdness & Mutations

((You are very nimble when in or above water. (Stealth+, EV+, Speed+++)))
Your lower body shifts to a powerful aquatic tail in water.


Message History

Nothing appears to happen.
Casting: Mephitic Cloud (quite dangerous; 63% risk of failure)
Confirm with . or Enter, or press ? or * to list all spells.
The spell is quite dangerous to miscast (63% risk of failure)!
Continue anyway?
Aiming: Mephitic Cloud (quite dangerous; 63% risk of failure)
Press: ? - help, Shift-Dir - straight line, p - orc priest You miscast Mephitic Cloud.
You feel rather nauseous for a moment!
You are poisoned.
You feel sick.
The orc priest hits you with a +0 flail.
You slash the orc priest!
The orc priest is severely wounded.
You feel sick.
The orc priest hits you with a +0 flail!
You hit the orc priest but do no damage.
The orc priest is severely wounded.
You feel sick.
An orc comes into view. It is wielding a +0 flail.
The orc hits you with a +0 hand axe.
The orc priest hits you with a +0 flail.
The orc shouts!
You hit the orc priest.
The orc priest is severely wounded.
You feel sick.
You are no longer poisoned.
The orc hits you but does no damage.
The orc priest mumbles some strange prayers to Beogh against you.
Beogh smites you!
* * * LOW HITPOINT WARNING * * *
The orc barely misses you.
You barely miss the orc priest.
The orc priest is severely wounded.
The orc priest hits you with a +0 flail.
* * * LOW HITPOINT WARNING * * *
The orc hits you but does no damage. The orc misses you.
You hit the orc priest.
The orc priest is almost dead.
The orc priest mumbles some strange prayers to Beogh against you.
Beogh smites you!
You die...

....... .........
##........
#.........
#.........
##<........
.##.##..........
.................
..##.....@o......
#......oo.##...
.....##o...# #
#..... ....#..
##..#...####...
#...... ..# #.
.... ... ...#.
#.#


You could see an orc priest and 3 orcs.

Vanquished Creatures
  An orc warrior (D:4)
  A necrophage (D:4)
  A scorpion (D:4)
  A hound (D:4)
  2 orc priests (D:4)
  An iguana (D:4)
  Ijyb (D:4)
  An orc wizard (D:4)
  6 adders
  3 worms
  2 dart slugs
  11 orcs (D:4)
  7 endoplasms
  8 giant cockroaches (D:1)
  6 goblins
  7 hobgoblins
  A quokka (D:2)
  6 ball pythons
  3 bats
  A kobold (D:3)
  7 rats
77 creatures vanquished.

Vanquished Creatures (others)
  A wizard (D:3)
1 creature vanquished.

Grand Total: 78 creatures vanquished

Notes
Turn   | Place    | Note
-------+----------+-------------------------------------------
     0 | D:1      | NotreDorf the Merfolk Reaver began the quest for the Orb.
     0 | D:1      | Reached XP level 1. HP: 16/16 MP: 3/3
    73 | D:1      | Reached XP level 2. HP: 22/23 MP: 5/5
    92 | D:1      | Found a faded altar of an unknown god.
   474 | D:1      | Reached XP level 3. HP: 26/28 MP: 6/6
   594 | D:1      | Learned a level 2 spell: Momentum Strike
   598 | D:1      | Learned a level 3 spell: Hailstorm
   640 | D:2      | Reached skill level 4 in Long Blades
  1027 | D:2      | Found Qafah's Jewellery Shoppe.
  1475 | D:3      | Identified the +1 robe "Fuclehemp" {*Slow Fly Int+3}
  1555 | D:3      | Reached XP level 4. HP: 34/34 MP: 7/7
  1675 | D:3      | Found an iron altar of Okawaru.
  1689 | D:3      | Became a worshipper of Warmaster Okawaru
  1846 | D:3      | Found a burning altar of Makhleb.
  1920 | D:3      | Found a hazy altar of Hepliaklqana.
  2021 | D:3      | Found a bloodstained altar of Trog.
  2022 | D:3      | Noticed a wizard
  2028 | D:3      | Killed a wizard
  2063 | D:3      | Found a white marble altar of Elyvilon.
  2112 | D:4      | Reached skill level 1 in Ice Magic
  2202 | D:4      | Reached XP level 5. HP: 24/41 MP: 7/9
  2357 | D:4      | Noticed an orc warrior
  2470 | D:4      | Noticed Ijyb
  2480 | D:4      | Paralysed by Ijyb for 2 turns
  2490 | D:4      | Paralysed by Ijyb for 3 turns
  2494 | D:4      | Killed Ijyb
  2495 | D:4      | Reached XP level 6. HP: 15/47 MP: 8/10
  2835 | D:4      | Learned a level 3 spell: Mephitic Cloud
  3253 | D:4      | Reached * piety under Okawaru
  3588 | D:4      | Killed an orc warrior
  3589 | D:4      | Reached skill level 5 in Long Blades
  3589 | D:4      | Reached skill level 1 in Poison Magic
  3589 | D:4      | Reached XP level 7. HP: 47/53 MP: 9/11
  3687 | D:4      | Found an ornate altar of the Wu Jian Council.
  3850 | D:4      | Found a staircase to the Ecumenical Temple.
  4069 | D:5      | Entered Level 5 of the Dungeon
  4080 | D:5      | Killed from afar by an orc priest

Illustrated notes

Levels and vault maps discovered:
D:1:      saegor_arrival_miasma, layout_basic, chequers_ecumenical_altar_island,
          minmay_worlds_worst_comb
D:2:      layout_basic, serial_shops, nicolae_diamond_shop
D:3:      layout_rooms, general_overflow_altar, nicolae_overflow_crystal_walls,
          lemuel_coloured_pillars_altar, okawaru_metal_pillars_3, trog_wizard,
          serial_glass, glass_columns_b, glass_columns_b,
          minmay_fractal_squares_gapless_5
D:4:      layout_basic, mainiacjoe_overflow_24_doors, temple_green,
          guppyfry_early_orc_mine, uniq_ijyb
D:5:      layout_cave_pools, kennysheep_cross_room

Skill      XL: |  1  2  3  4  5  6 |
---------------+-------------------+-----
Dodging        | 3 4 |  4.8
Long Blades    | 4 5 |  5.1
Ice Magic      | 1 2 |  2.7
Fighting       | 3 |  3.8
Conjurations   | 3 |  3.2
Spellcasting   | 3 |  3.3
Poison Magic   | 1 |  1.6

Action                     |  1- 3 |  4- 6 |  7- 9 || total
---------------------------+-------+-------+-------++-------
  Melee: Falchion          |   142 |   190 |    18 ||   350
         Punch             |     2 |     4 |     1 ||     7
   Cast: Momentum Strike   |       |     1 |       ||     1
         Mephitic Cloud    |       |     2 |     1 ||     3
    Use: Scroll            |       |     9 |     3 ||    12
         Potion            |       |     3 |       ||     3
   Stab: Invisible         |       |     3 |       ||     3
         Sleeping          |       |     1 |       ||     1
         Confused          |       |     2 |       ||     2
 Armour: Leather armour    |    44 |    44 |     4 ||    92
         Ring mail         |       |       |     2 ||     2
  Dodge: Dodged            |    99 |   107 |     8 ||   214

Table legend: (Time is in decaauts)
 A = Elapsed time spent in this place.
 B = Non-inter-level travel time spent in this place.
 C = Inter-level travel time spent in this place.
 D = Time resting spent in this place.
 E = Time spent auto-exploring this place.
 F = Levels seen in this place.
 G = Mean time per level.
                   A        B        C        D        E       F      G
               +--------+--------+--------+--------+--------+-----+--------+
         Total |   4102 |   3980 |    122 |    140 |   2997 |   5 |  820.4 |
       Dungeon |   4102 |   3980 |    122 |    140 |   2997 |   5 |  820.4 |
               +--------+--------+--------+--------+--------+-----+--------+

Top non-repeatable levels by time:
     D:4: 1906 daAuts
     D:3: 847 daAuts
     D:2: 729 daAuts
     D:1: 607 daAuts
     D:5: 11 daAuts
